 Dungeon Crawl Stone Soup version 0.28.0-62-gf88900778d (webtiles) character file.

Game seed: 13524805241200174920

120 cbfl8 the Chopper (level 4, -1/61 HPs)
             Began as a Minotaur Berserker on Apr 28, 2023.
             Was a Believer of Trog.
             Slain by an ogre
             ... wielding a +0 giant club
              (31 damage)
             ... on level 3 of the Dungeon.
             The game lasted 00:01:16 (2021 turns).

cbfl8 the Chopper (Minotaur Berserker)              Turns: 2021, Time: 00:01:17

Health: -1/61      AC:  6    Str: 22    XL:     4   Next: 75%
Magic:  3/3        EV: 10    Int:  4    God:    Trog [**....]
Gold:   34         SH:  0    Dex: 11    Spells: 3/3 levels left

rFire   . . .      SeeInvis .   a - +0 hand axe
rCold   . . .      Faith    .   (no shield)
rNeg    . . .      Spirit   .   i - +0 scale mail
rPois   .          Reflect  .   (helmet restricted)
rElec   .          Harm     .   (no cloak)
rCorr   .          Rampage  .   (no gloves)
Will    .....                   (no boots)
Stlth   ..........              (no amulet)
HPRegen 0.20/turn               (no ring)
MPRegen 0.08/turn               (no ring)

@: berserking, very quick
A: horns 2, retaliatory headbutt
a: Renounce Religion, Berserk, Trog's Hand


You were on level 3 of the Dungeon.
You worshipped Trog.
Trog was pleased with you.
You visited 1 branch of the dungeon, and saw 3 of its levels.

You collected 34 gold pieces.

Inventory:

Hand Weapons
 a - a +0 hand axe (weapon)
Armour
 i - a +0 scale mail (worn)
Scrolls
 c - 2 scrolls of enchant armour {unknown}
 d - 2 scrolls of blinking {unknown}
 f - 2 scrolls of identify {unknown}
 g - a scroll of brand weapon {unknown}
Potions
 b - a potion of heal wounds {unknown}
 e - 3 potions of curing {unknown}
 h - a potion of brilliance {unknown}
 j - 2 potions of resistance {unknown}


   Skills:
 * Level 4.5 Fighting
 + Level 4.7 Axes
 * Level 2.8 Armour
 * Level 2.8 Dodging
 * Level 0.8 Stealth
 * Level 1.4 Shields
 * Level 0.9 Evocations


You had 3 spell levels left.
You didn't know any spells.
Your spell library was empty.

Dungeon Overview and Level Annotations

Branches:
Dungeon (3/15)

Altars:


Innate Abilities, Weirdness & Mutations

You have a pair of horns on your head.
You reflexively headbutt those who attack you in melee.


Message History

Trog accepts your kill.
A worm comes into view.
A worm is nearby!
The worm bites you.
A worm is nearby!
You slash the worm!
The worm is heavily wounded.
A worm is nearby!
You barely miss the worm. You headbutt the worm!
You punch the worm, but do no damage.
The worm is almost dead.
The worm bites you but does no damage.
A worm is nearby!
You hit the worm.
The worm is almost dead.
The worm bites you but does no damage.
A worm is nearby!
You barely miss the worm.
The worm is almost dead.
A worm is nearby!
You slash the worm!
You kill the worm!
Trog accepts your kill.
You see here a worm corpse.
j - 2 lumpy ruby potions No target in view!
An ogre comes into view. It is wielding a +0 giant club.
An ogre is nearby!
An ogre is nearby!
The ogre hits you with a +0 giant club!
A red film seems to cover your vision as you go berserk!
You feel yourself moving faster!
You feel mighty! The ogre hits you with a +0 giant club!
You hit the ogre. You headbutt the ogre.
The ogre is heavily wounded.
You hit the ogre.
The ogre is heavily wounded.
The ogre hits you with a +0 giant club!!
Ouch! That really hurt!
You die...

#...#.........#.##
..#.#............#
..#.#............#
....#..#.#.#...#.#
#.###..........#.#
.........#.#.###.#
.............# #.#
###########.## #.#
.............# #@#
(.#########..# #O#
......... ...# #.#
.†.....#####.# #.#
.......# .# #.#
.......# .# #.#
.......# .# #.#
######## .# #.# #


You could see an ogre.

Vanquished Creatures
  A water moccasin zombie (D:3)
  2 adders
  A worm (D:3)
  A dart slug (D:1)
  An orc (D:3)
  A ball python (D:2)
  7 endoplasms
  2 giant cockroaches
  2 goblins (D:1)
  4 hobgoblins (D:1)
  5 quokkas
  2 bats
  A frilled lizard (D:3)
  A kobold (D:3)
  7 rats
38 creatures vanquished.

Notes
Turn   | Place    | Note
-------+----------+-------------------------------------------
     0 | D:1      | cbfl8 the Minotaur Berserker began the quest for the Orb.
     0 | D:1      | Reached XP level 1. HP: 19/19 MP: 0/0
   254 | D:1      | Reached XP level 2. HP: 27/27 MP: 1/1
   964 | D:2      | Reached XP level 3. HP: 26/33 MP: 2/2
  1172 | D:2      | Reached ** piety under Trog
  1514 | D:3      | Reached skill level 1 in Shields
  1514 | D:3      | Reached XP level 4. HP: 32/41 MP: 3/3
  2015 | D:3      | Noticed an ogre
  2021 | D:3      | Slain by an ogre

Illustrated notes

Levels and vault maps discovered:
D:1:      onia_arrival_pentagram, layout_loops_ring
D:2:      layout_basic
D:3:      layout_basic, chequers_serial_rivers_small_b, minmay_puff

Skill      XL: |  1  2  3 |
---------------+----------+-----
Axes           | 4 |  4.7
Fighting       | 4 |  4.5
Shields        | 1 |  1.4
Armour         | |  2.8
Dodging        | |  2.8
Stealth        | |  0.8
Evocations     | |  0.9

Action                   |  1- 3 |  4- 6 || total
-------------------------+-------+-------++-------
Melee: Hand axe          |    54 |    30 ||    84
       Headbutt          |    15 |     6 ||    21
       Punch             |     2 |     1 ||     3
Invok: Berserk           |       |     1 ||     1
Armor: Animal skin       |     6 |       ||     6
       Scale mail        |     8 |    10 ||    18
Dodge: Dodged            |    22 |    13 ||    35
